 Dungeon Crawl Stone Soup version 0.30-a0-4-ga7cffc901d (webtiles) character file.

Game seed: 17263452305921067091

147 xian the Sneak (level 5, 0/42 HPs)
             Began as a Draconian Brigand on Aug 21, 2022.
             Was an Initiate of Hepliaklqana.
             Succumbed to a kobold's poison
             ... on level 3 of the Dungeon.
             The game lasted 00:05:09 (1961 turns).

xian the Sneak (Draconian Brigand)                  Turns: 1961, Time: 00:05:10

Health: 0/42       AC: 11    Str: 14    XL:     5   Next: 7%
Magic:  5/5        EV: 12    Int: 11    God:    Hepliaklqana [......]
Gold:   71         SH:  0    Dex: 14    Spells: 4/4 levels left

rFire   . . .      SeeInvis .    a - +2 dagger
rCold   . . .      Faith    .    (no shield)
rNeg    . . .      Spirit   .    (body armour unavailable)
rPois   .          Reflect  .    (helmet restricted)
rElec   .          Harm     .    b - +0 cloak
rCorr   .          Rampage  .    r - +0 pair of gloves
Will    .....                    (no boots)
Stlth   +++.......               (no amulet)
HPRegen 0.14/turn                i - +4 ring of protection
MPRegen 0.09/turn                p - ring of wizardry

@: lethally poisoned (0 -> -4), on berserk cooldown, attractive, hasted and
slowed
A: AC +5, unfitting armour, cold-blooded
a: Renounce Religion


You were on level 3 of the Dungeon.
You worshipped Hepliaklqana.
Hepliaklqana was noncommittal.
You visited 1 branch of the dungeon, and saw 3 of its levels.

You collected 71 gold pieces.

Inventory:

Hand Weapons
 a - a +2 dagger (weapon)
Missiles
 c - 10 poisoned darts (quivered)
 d - 3 curare-tipped darts
 j - 4 datura-tipped darts
Armour
 b - a +0 cloak (worn)
 r - a +0 pair of gloves (worn)
Jewellery
 i - a +4 ring of protection (left hand)
 p - a ring of wizardry (right hand)
Scrolls
 e - a scroll of amnesia {unknown}
 h - a scroll of butterflies {unknown}
 k - a scroll of torment {unknown}
 m - a scroll of teleportation {unknown}
 n - a scroll of poison {unknown}
 o - a scroll of immolation {unknown}
 t - a scroll of identify {unknown}
Potions
 f - a potion of attraction
 l - a potion of flight {unknown}
 s - a potion of mutation {unknown}
 u - a potion of resistance {unknown}


   Skills:
 + Level 2.6 Fighting
 + Level 2.6 Short Blades
 + Level 1.8 Throwing
 + Level 2.0 Dodging
 + Level 5.3 Stealth


You had 4 spell levels left.
You didn't know any spells.
Your spell library was empty.

Dungeon Overview and Level Annotations

Branches:
Dungeon (3/15)

Altars:
Hepliaklqana


Innate Abilities, Weirdness & Mutations

Your plain brown scales are hard. (AC +5)
You cannot fit into any form of body armour.
You are cold-blooded and may be slowed by cold attacks.


Message History

Things that are here:
a poisoned dart; a scorpion corpse You barely miss the kobold.
Your tail-slap misses the kobold.
You feel sick. The kobold hits you but does no damage.
You are lethally poisoned!
You hit the kobold.
Your tail-slap misses the kobold.
The kobold is moderately wounded.
* * * LOW HITPOINT WARNING * * *
You feel very sick.
You hit the kobold.
You kill the kobold!
* * * LOW HITPOINT WARNING * * *
You feel very sick.
* * * LOW HITPOINT WARNING * * *
You feel very sick.
Things that are here:
a +1 dagger of venom; a kobold corpse It was a potion of haste.
You feel yourself speed up.
* * * LOW HITPOINT WARNING * * *
You feel sick.
It was a potion of berserk rage.
A red film seems to cover your vision as you go berserk!
You feel yourself moving faster!
You feel mighty!
* * * LOW HITPOINT WARNING * * *
You feel sick.
You are too berserk!
You feel a strong urge to attack something.
* * * LOW HITPOINT WARNING * * *
You feel sick.
Things that are here:
a poisoned dart; a scorpion corpse
* * * LOW HITPOINT WARNING * * *
You feel sick.
Things that are here:
a +1 dagger of venom; a kobold corpse You feel your anger nearly subside.
You are no longer berserk.
You are exhausted.
You feel yourself slow down.
You die...

#######..
####........
#...########
#.#<.### #.
##...# #
###.###
#...#
###.######
#.@.)..##
###.(...#
#..###...#
#.## #...#
#..# .##
#'K# #
#≈≈≈..≈≈≈#
#≈......≈#
#≈......≈#


There were no monsters in sight!

Vanquished Creatures
  A scorpion (D:3)
  Jessica (D:2)
  An adder (D:2)
  5 bats
  6 endoplasms
  A giant cockroach (D:1)
  9 goblins
  3 hobgoblins (D:1)
  7 jackals
  A quokka (D:1)
  4 ball pythons
  4 frilled lizards
  3 kobolds
  5 rats
51 creatures vanquished.

Notes
Turn   | Place    | Note
-------+----------+-------------------------------------------
     0 | D:1      | xian the Draconian Brigand began the quest for the Orb.
     0 | D:1      | Reached XP level 1. HP: 17/17 MP: 1/1
   200 | D:1      | Reached skill level 4 in Stealth
   216 | D:1      | Reached XP level 2. HP: 24/24 MP: 2/2
   452 | D:1      | Reached skill level 1 in Dodging
   565 | D:1      | Found a faded altar of an unknown god.
   602 | D:1      | Reached XP level 3. HP: 25/30 MP: 3/3
  1032 | D:2      | Found a hazy altar of Hepliaklqana.
  1043 | D:2      | Became a worshipper of Hepliaklqana the Forgotten
  1235 | D:2      | Noticed Jessica
  1245 | D:2      | Killed Jessica
  1246 | D:2      | Reached skill level 5 in Stealth
  1246 | D:2      | Reached XP level 4. HP: 37/37 MP: 4/4
  1922 | D:3      | Noticed a scorpion
  1949 | D:3      | Killed a scorpion
  1950 | D:3      | Reached XP level 5. HP: 18/42 MP: 5/5
  1956 | D:3      | HP: 2/42 [poisoned by a kobold]
  1961 | D:3      | Succumbed to a kobold's poison

Illustrated notes

Levels and vault maps discovered:
D:1:      dpeg_arrival_three_smaller_balls, layout_basic,
          dreamdust_ecumenical_altar_statues, roderic_cross_of_infinity,
          minmay_3d_cube
D:2:      layout_loops_ring, basic_altar, uniq_jessica
D:3:      layout_rooms, trog_antimagical, nicolae_overflow_ecumenical_swirl,
          kennysheep_generic_room_7

Skill      XL: |  1  2  3  4 |
---------------+-------------+-----
Stealth        | 4 5 |  5.3
Dodging        | 1 2 |  2.0
Fighting       | |  2.6
Short Blades   | |  2.6
Throwing       | |  1.8

Action                   |  1- 3 |  4- 6 || total
-------------------------+-------+-------++-------
Melee: Dagger            |   110 |    43 ||   153
       Tailslap          |    10 |     4 ||    14
Throw: Dart              |     1 |     1 ||     2
  Use: Potion            |       |     3 ||     3
 Stab: Sleeping          |    11 |       ||    11
       Distracted        |     1 |       ||     1
Armor: Skin              |    48 |    17 ||    65
Dodge: Dodged            |    91 |    36 ||   127

Table legend: (Time is in decaauts)
 A = Elapsed time spent in this place.
 B = Non-inter-level travel time spent in this place.
 C = Inter-level travel time spent in this place.
 D = Time resting spent in this place.
 E = Time spent auto-exploring this place.
 F = Levels seen in this place.
 G = Mean time per level.
                   A        B        C        D        E       F      G
               +--------+--------+--------+--------+--------+-----+--------+
         Total |   1941 |   1783 |    158 |    212 |    996 |   3 |  647.0 |
       Dungeon |   1941 |   1783 |    158 |    212 |    996 |   3 |  647.0 |
               +--------+--------+--------+--------+--------+-----+--------+

Top non-repeatable levels by time:
     D:2: 929 daAuts
     D:1: 875 daAuts
     D:3: 136 daAuts
